Map: Proxima Station LE

Players

SortOf

  • Race: Zerg Zerg
  • Spawn Location: 1:00

PiLiPiLi - Winner!

  • Race: Protoss Protoss
  • Spawn Location: 7:00

Event: IEM XI Katowice - World Championship 2017

VOD

Have the link to the VOD?

Description

Time

  • Played on: Feb. 27, 2017, 8:30 a.m.
  • Length: 12:22

All games in this series

Show
View Real Time Build Order
Export as new Build Order

SortOf Zerg 

Build Orders: Hatch First 

Get SALT Encoding   

  12  0:00  Drone  
  13  0:12  Overlord  
  13  0:18  Drone  
  14  0:31  Drone x2  
  16  0:36  Drone  
  17  0:52  Hatchery  
  17  0:55  Drone  
  17  0:58  Drone  
  18  1:09  Extractor  
  17  1:13  Spawning Pool  
  17  1:16  Drone  
  17  1:20  Drone  
  18  1:28  Drone  
  19  1:38  Overlord  
  19  1:50  Drone  
  20  2:00  Zergling x2  
  20  2:01  Queen  
  23  2:05  Queen  
  23  2:06  Zergling x2  
  26  2:12  Drone  
  27  2:17  Drone  
  27  2:19  Metabolic Boost  
  27  2:22  Drone  
  29  2:27  Drone  
  30  2:33  Drone  
  31  2:41  Hatchery  
  30  2:45  Drone  
  30  2:49  Overlord  
  31  2:51  Zergling x2  
  31  2:56  Pneumatized Carapace  
  32  3:02  Drone x2  
  32  3:05  Drone  
  35  3:10  Zergling x4  
  35  3:12  Drone  
  38  3:15  Drone  
  38  3:18  Overlord  
  39  3:22  Drone  
  40  3:30  Drone x4  
  44  3:40  Drone  
  44  3:41  Queen  
  47  3:42  Queen  
  47  3:48  Baneling Nest  
  48  3:49  Drone  
  48  3:50  Drone  
  48  3:53  Drone  
  51  3:58  Drone x2  
  51  4:02  Queen  
  55  4:04  Overlord  
  55  4:07  Drone x2  
  56  4:18  Drone  
  56  4:21  Overlord  
  56  4:23  Drone  
  59  4:24  Evolution Chamber, Drone x2  
  59  4:25  Drone x4  
  59  4:31  Overlord  
  63  4:32  Queen  
  63  4:38  Drone  
  66  4:39  Queen  
  66  4:41  Overlord  
  66  4:43  Drone x3  
  71  4:47  Spore Crawler  
  71  4:52  Zergling x10  
  75  4:57  Zerg Melee Weapons Level 1, Roach Warren  
  74  5:01  Spore Crawler  
  74  5:05  Drone x5  
  78  5:08  Spore Crawler  
  78  5:09  Drone  
  78  5:10  Drone  
  78  5:14  Drone x2  
  81  5:15  Extractor  
  81  5:19  Drone  
  81  5:21  Extractor  
  81  5:23  Overlord  
  81  5:25  Overlord  
  81  5:28  Lair  
  80  5:30  Extractor  
  79  5:37  Overlord  
  79  5:40  Queen  
  79  5:42  Overlord x2, Drone  
  82  5:51  Overlord, Drone  
  82  5:52  Drone x7  
  82  5:55  Drone x2  
  89  5:57  Baneling x3  
  89  5:58  Baneling  
  89  6:00  Extractor  
  89  6:02  Roach  
  89  6:03  Roach x2  
  91  6:07  Drone  
  91  6:08  Hatchery  
  91  6:13  Roach x5  
  100  6:20  Roach x2  
  104  6:28  Roach x5  
  114  6:35  Drone x2  
  114  6:38  Infestation Pit, Drone x2  
  114  6:39  Queen  
  113  6:41  Extractor  
  113  6:43  Spore Crawler  
  113  6:47  Drone  
  109  6:53  Drone  
  109  6:54  Drone  
  108  6:56  Drone  
  108  6:57  Drone x4  
  108  7:00  Spire  
  112  7:04  Drone  
  112  7:08  Spore Crawler, Drone  
  112  7:12  Overlord  
  113  7:19  Queen  
  113  7:21  Drone x3  
  113  7:22  Drone x4  
  116  7:24  Spore Crawler  
  100  7:37  Drone x3  
  100  7:38  Drone  
  100  7:40  Pathogen Glands  
  100  7:41  Burrow  
  100  7:43  Drone x3  
  100  7:44  Drone  
  102  7:45  Drone x2  
  102  7:49  Queen x2  
  102  7:50  Drone  
  102  7:51  Extractor, Drone x2  
  107  7:52  Extractor  
  107  7:55  Queen  
  105  8:02  Overlord  
  99  8:12  Zerg Flyer Armor Level 1  
  91  8:13  Infestor x3, Zerg Ground Armor Level 1  
  91  8:15  Zergling x22  
  108  8:21  Infestor  
  108  8:24  Queen  
  108  8:25  Spore Crawler, Queen  
  113  8:27  Infestor  
  113  8:29  Drone  
  113  8:30  Queen  
  113  8:31  Drone  
  113  8:32  Drone  
  120  8:36  Overlord  
  120  8:38  Infestor  
  120  8:40  Drone x4  
  120  8:41  Drone x3  
  126  8:44  Overlord  
  127  8:54  Neural Parasite  
  127  8:55  Hatchery  
  126  8:57  Infestor  
  126  9:00  Infestor x4  
  126  9:01  Infestor  
  127  9:10  Infestor x2, Spore Crawler  
  127  9:11  Spore Crawler  
  127  9:12  Spore Crawler  
  127  9:16  Hive  
  128  9:20  Zergling x18  
  135  9:30  Overlord  
  131  9:54  Centrifical Hooks  
  131  9:55  Zergling x8  
  131  9:57  Overlord  
  131  9:58  Overlord, Extractor x2  
  133  10:00  Overlord x2  
  133  10:09  Drone x2  
  133  10:11  Queen  
  133  10:13  Overlord x2  
  137  10:15  Overlord  
  137  10:26  Corruptor  
  137  10:27  Corruptor x12  
  160  10:35  Spore Crawler  
  153  10:40  Zergling x2  
  153  10:41  Zergling x14  
  144  10:50  Glial Reconstitution  
  144  10:51  Roach  
  144  10:52  Roach x6  
  144  10:53  Ultralisk Cavern  
  156  10:58  Baneling x5  
  156  11:00  Roach x5  
  156  11:01  Baneling  
  156  11:02  Zergling x2, Roach  
  156  11:06  Roach  
  156  11:08  Roach x2  
  156  11:10  Roach  
  146  11:12  Roach  
  142  11:18  Roach  
  142  11:19  Roach x3  
  142  11:20  Roach x3  
  142  11:25  Roach x2  
  151  11:29  Roach  
  151  11:31  Roach  
  152  11:34  Roach  
  152  11:35  Roach x2  
  152  11:36  Roach  
  152  11:37  Roach  
  150  11:40  Roach  
  150  11:43  Roach  
  150  11:47  Roach  
  134  11:53  Drone  
Show
View Real Time Build Order
Export as new Build Order

PiLiPiLi Protoss - Winner!

Build Orders: Nexus First 

Get SALT Encoding   

  12  0:00  Probe (Chrono Boost)  
  13  0:11  Probe (Chrono Boost)  
  14  0:18  Pylon  
  14  0:22  Probe (Chrono Boost)  
  15  0:36  Probe (Chrono Boost)  
  16  0:47  Probe (Chrono Boost)  
  17  0:57  Nexus  
  17  1:08  Gateway  
  18  1:11  Probe (Chrono Boost)  
  18  1:18  Assimilator  
  18  1:21  Probe (Chrono Boost)  
  18  1:24  Assimilator  
  19  1:32  Probe (Chrono Boost)  
  20  1:37  Gateway  
  20  1:43  Probe (Chrono Boost)  
  21  1:53  Probe (Chrono Boost)  
  22  1:55  Cybernetics Core  
  22  2:04  Probe (Chrono Boost)  
  23  2:14  Probe (Chrono Boost)  
  23  2:15  Probe (Chrono Boost)  
  25  2:25  Probe (Chrono Boost)  
  25  2:26  Probe (Chrono Boost)  
  25  2:27  Warp Gate  
  25  2:28  Adept  
  25  2:29  Adept  
  32  2:37  Probe (Chrono Boost)  
  32  2:41  Probe (Chrono Boost)  
  32  2:44  Pylon  
  33  2:51  Mothership Core (Chrono Boost)  
  35  2:53  Probe (Chrono Boost)  
  36  2:58  Stalker  
  36  3:03  Probe (Chrono Boost)  
  39  3:10  Probe (Chrono Boost)  
  40  3:14  Pylon, Probe (Chrono Boost)  
  41  3:23  Probe (Chrono Boost)  
  41  3:24  Probe (Chrono Boost)  
  44  3:35  Probe (Chrono Boost)  
  44  3:36  Probe (Chrono Boost)  
  44  3:37  Assimilator  
  44  3:38  Stargate  
  44  3:39  Stargate  
  44  3:40  Assimilator  
  45  3:46  Probe (Chrono Boost)  
  45  3:47  Probe (Chrono Boost)  
  47  3:48  Pylon  
  47  3:57  Probe (Chrono Boost)  
  47  3:59  Probe (Chrono Boost)  
  49  4:07  Probe (Chrono Boost)  
  49  4:08  Pylon  
  51  4:11  Probe (Chrono Boost)  
  51  4:18  Pylon  
  51  4:19  Phoenix x2, Probe (Chrono Boost)  
  51  4:23  Probe (Chrono Boost)  
  57  4:31  Probe (Chrono Boost)  
  58  4:32  Nexus  
  58  4:36  Probe (Chrono Boost)  
  59  4:43  Probe (Chrono Boost)  
  59  4:44  Phoenix  
  60  4:47  Phoenix  
  60  4:48  Probe (Chrono Boost)  
  65  4:55  Probe (Chrono Boost)  
  65  4:56  Protoss Air Weapons Level 1  
  67  5:00  Pylon, Probe (Chrono Boost)  
  67  5:06  Phoenix  
  68  5:07  Probe (Chrono Boost)  
  68  5:09  Phoenix  
  73  5:15  Probe (Chrono Boost)  
  73  5:19  Adept x2, Probe (Chrono Boost)  
  78  5:27  Probe (Chrono Boost)  
  79  5:31  Probe (Chrono Boost)  
  79  5:32  Pylon, Phoenix  
  79  5:35  Phoenix  
  82  5:39  Probe (Chrono Boost)  
  86  5:43  Probe (Chrono Boost)  
  86  5:44  Adept  
  86  5:45  Adept  
  86  5:47  Probe (Chrono Boost)  
  91  5:51  Probe (Chrono Boost)  
  91  5:55  Probe (Chrono Boost)  
  93  5:57  Phoenix x2  
  93  5:58  Probe (Chrono Boost)  
  99  6:04  Assimilator, Probe (Chrono Boost)  
  99  6:07  Assimilator  
  99  6:13  Probe (Chrono Boost), Fleet Beacon  
  99  6:14  Probe (Chrono Boost)  
  101  6:19  Phoenix x2  
  101  6:24  Probe (Chrono Boost)  
  106  6:28  Probe (Chrono Boost)  
  106  6:29  Stargate  
  107  6:40  Phoenix  
  109  6:57  Pylon  
  109  6:59  Pylon  
  109  7:00  Pylon  
  109  7:03  Graviton Catapult  
  109  7:18  Carrier  
  109  7:22  Protoss Air Weapons Level 2  
  111  7:32  Adept x2  
  111  7:35  Pylon  
  111  7:36  Carrier  
  105  7:52  Pylon  
  105  7:53  Pylon  
  105  7:54  Carrier  
  105  7:56  Forge  
  105  8:13  Gateway  
  105  8:14  Gateway  
  105  8:18  Twilight Council  
  105  8:19  Gateway  
  105  8:22  Gateway  
  105  8:25  Adept x2, Gateway x2  
  109  8:29  Gateway  
  109  8:31  Gateway, Photon Cannon  
  109  8:32  Protoss Ground Weapons Level 1  
  109  8:33  Pylon, Gateway  
  109  8:34  Gateway  
  109  8:35  Pylon  
  109  8:36  Gateway  
  107  8:41  Gateway  
  107  8:46  Photon Cannon  
  107  8:47  Adept x2  
  111  8:50  Resonating Glaives  
  111  9:08  Robotics Facility  
  111  9:12  Adept x2  
  111  9:17  Pylon  
  115  9:18  Pylon  
  115  9:19  Pylon  
  115  9:23  Pylon  
  115  9:26  Pylon  
  115  9:30  Adept  
  115  9:31  Adept x8  
  131  9:36  Pylon  
  133  9:51  Warp Prism  
  129  9:53  Adept  
  129  9:54  Adept x5  
  129  9:56  Adept x4  
  129  9:59  Pylon  
  147  10:06  Adept x2  
  137  10:27  Adept x10  
  137  10:28  Adept  
  159  11:02  Adept  
  159  11:03  Adept x12  
  161  11:23  Adept x8  
  147  11:41  Adept  
  147  11:42  Adept x5  
  147  11:45  Observer  
  142  11:57  Sentry x8  
  142  12:00  Adept  
  142  12:01  Adept x7  
  150  12:05  Templar Archives  
  140  12:16  Adept x2  
  140  12:17  Adept x2  

Tags
 
Add a new tag
Caveats
  • Supply blocks, unpowered buildings, or Contaminate may cause inaccurate times.
  • Supply counts are checked every 10 seconds.